 Dungeon Crawl Stone Soup version 0.20.1-1-g8b1a95d (webtiles) character file.

60 Kunitse the Conjurer (level 4, -3/24 HPs)
             Began as a Kobold Conjurer on Oct 8, 2017.
             Slain by an adder (4 damage)
             ... on level 2 of the Dungeon.
             The game lasted 00:10:05 (1547 turns).

Kunitse the Conjurer (Kobold Conjurer)              Turns: 1547, Time: 00:10:05

Health: -3/24      AC:  2    Str:  5    XL:     4   Next: 24%
Magic:  1/8        EV: 15    Int: 17    God:
Gold:   83         SH:  0    Dex: 15    Spells: 5/8 levels left

rFire    . . .     SeeInvis .   (weapon restricted)
rCold    . . .     Gourm    .   (shield restricted)
rNeg     . . .     Faith    .   a - +0 robe
rPois    .         Spirit   .   (no helmet)
rElec    .         Reflect  .   (no cloak)
rCorr    .         Harm     .   (no gloves)
MR       .....                  (no boots)
Stlth    ++........             (no amulet)
Regen    0.1/turn               (no ring)
MPRegen  0.2/turn               (no ring)

@: lethally poisoned (-3 -> -9), flying
A: carnivore 3
a: no special abilities


You were on level 2 of the Dungeon.
You were completely stuffed.

You visited 1 branch of the dungeon, and saw 2 of its levels.

You collected 83 gold pieces.

Inventory:

Armour
 a - a +0 robe (worn)
Scrolls
 d - 2 scrolls of remove curse {unknown}
 f - 5 scrolls of identify {unknown}
 h - a scroll of noise {unknown}
 i - a scroll of teleportation {unknown}
Potions
 e - a potion of flight
Books
 b - a book of Conjurations

   Spells                             Type                      Level
   a - Magic Dart                     Conjuration                  1
   b - Searing Ray                    Conjuration                  2
   c - Dazzling Spray                 Conjuration/Hexes            3
   d - Fulminant Prism                Conjuration/Hexes            4
   e - Force Lance                    Conjuration/Translocation    4
   f - Iskenderun's Mystic Blast      Conjuration                  4
Comestibles
 c - 2 meat rations
 g - 4 chunks of flesh


   Skills:
 + Level 0.2 Fighting
 + Level 2.6 Dodging
 + Level 3.1 Stealth
 + Level 2.9 Spellcasting
 + Level 4.8 Conjurations


You had 5 spell levels left.
You knew the following spells:

 Your Spells              Type           Power        Failure   Level  Hunger
a - Magic Dart            Conj           ###.         2%          1    None
b - Searing Ray           Conj           ###...       3%          2    ##.....


Dungeon Overview and Level Annotations

Branches:
Dungeon (2/15)

Altars:


Innate Abilities, Weirdness & Mutations

You are small and have problems with some larger weapons.
You are carnivorous and can eat meat at any time.


Message History

Aiming: Magic Dart
Press: ? - help, Shift-Dir - straight line, f/p - Terence
Aim: Terence, wielding a mace and wearing a scale mail (almost dead)
The magic dart hits Terence.
You kill Terence!
You have reached level 4!
* * * LOW HITPOINT WARNING * * *
You feel sick. The adder barely misses you.
* * * LOW HITPOINT WARNING * * *
You feel sick.
* * * LOW HITPOINT WARNING * * *
You feel sick. The adder bites you.
* * * LOW HITPOINT WARNING * * *
You are more poisoned.
The adder poisons you!
It was a potion of flight.
You feel very buoyant.
You fly up into the air.
The adder bites you.
You die...

#.....# #.....# #.....# #.....#
#.....# #.....# #########
#.....# ........# ########)..$.#
........# #.@S.........#
........# #...########[###
........# ##.## #.#
..#.#######... #.# .##.# #...
#######.######
..#.#####.########.............#
...................###.#.#######
###.##....###..........#.#
%............)########...#


You could see an adder.

Vanquished Creatures
  Terence (D:2)
  3 dart slugs (D:1)
  A leopard gecko (D:2)
  3 giant cockroaches (D:1)
  4 goblins
  4 hobgoblins
  4 kobolds (D:1)
  3 bats (D:1)
  3 frilled lizards
  3 rats (D:1)
29 creatures vanquished.

Notes
Turn   | Place    | Note
-------+----------+-------------------------------------------
     0 | D:1      | Kunitse the Kobold Conjurer began the quest for the Orb.
     0 | D:1      | Reached XP level 1. HP: 10/10 MP: 3/3
   568 | D:1      | Reached XP level 2. HP: 15/15 MP: 0/5
  1071 | D:1      | Reached XP level 3. HP: 19/19 MP: 3/6
  1104 | D:1      | Learned a level 2 spell: Searing Ray
  1521 | D:2      | Noticed Terence
  1541 | D:2      | Killed Terence
  1541 | D:2      | Reached XP level 4. HP: 8/24 MP: 0/8
  1546 | D:2      | HP: 1/24 [adder (4)]
  1547 | D:2      | Slain by an adder

Skill      XL: |  1  2 |
---------------+-------+-----
Stealth        | 3 |  3.1
Fighting       | |  0.2
Dodging        | |  2.6
Spellcasting   | |  2.9
Conjurations   | |  4.8

Action                   |  1- 3 |  4- 6 || total
-------------------------+-------+-------++-------
 Cast: Magic Dart        |    74 |     1 ||    75
  Use: Potion            |       |     1 ||     1
  Eat: Chunk             |    11 |       ||    11
Armor: Robe              |     2 |       ||     2
Dodge: Dodged            |    15 |     1 ||    16
